 Dungeon Crawl Stone Soup version 0.31.0-11-ge490571c62 (webtiles) character file.

Game seed: 6728312222992071043

148 Gadfly the Insei (level 5, -1/41 HPs)
             Began as a Demonspawn Monk on Feb 5, 2024.
             Incinerated by a bombardier beetle (4 damage)
             ... with a burning spray
             ... on level 3 of the Dungeon.
             The game lasted 00:03:17 (1651 turns).

Gadfly the Insei (Demonspawn Monk)                  Turns: 1651, Time: 00:03:18

Health: -1/41      AC:  4    Str: 13    XL:     5   Next: 8%
Magic:  5/5        EV: 13    Int: 11    God:
Gold:   156        SH:  9    Dex: 15    Spells: 3/4 levels left

rFire   . .          .
                       - Unarmed
rCold   . . .        c - orb {light}
rNeg    . . .        a - +1 robe
rPois   .            (helmet restricted)
rElec   .            (no cloak)
rCorr   .            (no gloves)
SInv    .            g - +0 pair of boots
Will    .....        f - amulet of reflection
Stlth   +            (no ring)
HPRegen 0.26/turn    (no ring)
MPRegen 0.09/turn

%: reflection
@: on fire, hasted, glowing, very quick
A: antennae 2, large bone plates 1
a: no special abilities


You were on level 3 of the Dungeon.
You visited 1 branch of the dungeon, and saw 3 of its levels.

You collected 156 gold pieces.

Inventory:

Hand Weapons
 b - a +1 long sword of flaming
 d - a +2 dagger of speed
Armour
 a - a +1 robe (worn)
 c - an orb of light (worn)
 g - a +0 pair of boots (worn)
Jewellery
 f - an amulet of reflection (around neck)
Scrolls
 e - 3 scrolls of teleportation
Potions
 l - a potion of lignification {unknown}
 n - a potion of heal wounds {unknown}


   Skills:
 - Level 3.0 Fighting
 + Level 3.2 Dodging
 * Level 3.6 Unarmed Combat
 * Level 2.2 Evocations
 * Level 1.8 Shapeshifting


You had 3 spell levels left.
You knew the following spells:

 Your Spells              Type           Power      Damage    Failure   Level
a - Apportation           Tloc           0%         N/A       34%         1

Your spell library contained the following spells:

 Spells                   Type           Power      Damage    Failure   Level
 Necrotise                Necr           0%         1d4       34%         1
 Sting                    Conj/Alch      0%         1d3       34%         1
 Summon Small Mammal      Summ           0%         N/A       34%         1
 Volatile Blastmotes      Fire/Tloc      0%         2d10      71%         3
 Fulminant Prism          Conj/Alch      0%         3d5       98%         4
 Iskenderun's Mystic Bla  Conj/Tloc      0%         2d3       98%         4


Dungeon Overview and Level Annotations

Branches:
Dungeon (3/15)

Altars:


Innate Abilities, Weirdness & Mutations

You have a pair of antennae on your head.
You are partially covered in large bone plates. (SH +4)


Message History

The bombardier beetle is moderately wounded.
The liquid fire burns you!
The bombardier beetle sprays incendiary fluid at you.
The burning spray hits you.
You are even more covered in liquid fire!
You barely miss the bombardier beetle.
The bombardier beetle is moderately wounded.
The liquid fire burns you!
* * * LOW HITPOINT WARNING * * *
You hit the bombardier beetle.
The bombardier beetle is severely wounded.
The liquid fire burns you!
* * * LOW HITPOINT WARNING * * *
The bombardier beetle sprays incendiary fluid at you.
The burning spray misses you.
You are confused.
You feel invigorated. The liquid fire burns you!
* * * LOW HITPOINT WARNING * * *
The bombardier beetle bites you but does no damage.
You shake off some of the fire as you move.
The liquid fire burns you!
* * * LOW HITPOINT WARNING * * *
You bump into the rock wall.
The liquid fire burns you!
* * * LOW HITPOINT WARNING * * *
You feel less invigorated.
You feel less confused.
The bombardier beetle sprays incendiary fluid at you.
The burning spray hits you.
You are even more covered in liquid fire!
You shake off some of the fire as you move.
The liquid fire burns you!
* * * LOW HITPOINT WARNING * * *
You shake off some of the fire as you move.
The liquid fire burns you!
* * * LOW HITPOINT WARNING * * *
It was a potion of haste.
You feel yourself speed up. The liquid fire burns you!
You die...

....... #........
....... #........
....... #........ .....
.# #........ ...## .#
#........ #..#
####.#######..#..
#†####......# ###..#..
#.B..#......###......#
####.@......#......###
##.......#.#....#
##.......#.#....#
#...#####..#.#.## .
#......#.## ##.#..#.#
.##.######..###..#..#.#
.# ...# ##..##.....#.#
...# #..# ##....###.#.#
.#.#. ..#
###.....##..#.#


You could see a bombardier beetle.

Vanquished Creatures
  A hound (D:3)
  Jessica (D:2)
  5 adders
  2 dart slugs
  2 ribbon worms
  4 bats
  An endoplasm (D:1)
  5 goblins
  4 hobgoblins
  A quokka (D:2)
  3 ball pythons
  4 frilled lizards
  8 kobolds
  9 rats
50 creatures vanquished.

Notes
Turn   | Place    | Note
-------+----------+-------------------------------------------
     0 | D:1      | Gadfly the Demonspawn Monk began the quest for the Orb.
     0 | D:1      | Reached XP level 1. HP: 18/18 MP: 1/1
   106 | D:1      | Gained mutation: You have a pair of small antennae on your
                  | head. [demonic ancestry]
   106 | D:1      | Reached XP level 2. HP: 24/24 MP: 2/2
   648 | D:2      | Reached skill level 1 in Evocations
   648 | D:2      | Reached skill level 1 in Shapeshifting
   648 | D:2      | Gained mutation: You are partially covered in large bone
                  | plates. (SH +4) [demonic ancestry]
   648 | D:2      | Reached XP level 3. HP: 28/29 MP: 3/3
   683 | D:2      | Noticed Jessica
   692 | D:2      | Killed Jessica
   872 | D:2      | Gained mutation: You have a pair of antennae on your head.
                  | [demonic ancestry]
   872 | D:2      | Reached XP level 4. HP: 35/35 MP: 4/4
  1430 | D:2      | Learned a level 1 spell: Apportation
  1639 | D:3      | Reached XP level 5. HP: 32/41 MP: 5/5
  1651 | D:3      | Incinerated by a bombardier beetle

Illustrated notes

Levels and vault maps discovered:
D:1:      orjb1_lava_funnel, layout_basic
D:2:      layout_basic, serial_forest, infiniplex_forest_end_1,
          infiniplex_forest_straight_4, infiniplex_forest_clump_tiny,
          infiniplex_forest_clump_small, uniq_jessica
D:3:      layout_rooms

Skill      XL: |  1  2  3  4 |
---------------+-------------+-----
Unarmed Combat | 3 |  3.6
Evocations     | 1 2 |  2.2
Shapeshifting  | 1 |  1.8
Dodging        | 3 |  3.2
Fighting       | |  3.0

Action                     |  1- 3 |  4- 6 || total
---------------------------+-------+-------++-------
  Melee: Unarmed           |    86 |    76 ||   162
    Use: Scroll            |     2 |     2 ||     4
         Potion            |       |     3 ||     3
 Armour: Robe              |    38 |    27 ||    65
  Dodge: Dodged            |    64 |    53 ||   117
